 Dungeon Crawl Stone Soup version 0.17.0-24-gcfadda4 (webtiles) character file.

9711 dorian the Arsonist (level 11, -4/61 HPs)
             Began as an Octopode Fire Elementalist on Nov 16, 2015.
             Was a Priest of Vehumet.
             Slain by a centaur (7 damage)
             ... on level 11 of the Dungeon.
             The game lasted 00:34:11 (14848 turns).

dorian the Arsonist (Octopode Fire Elementalist)   Turns: 14848, Time: 00:34:11

Health: -4/61      AC:  1    Str:  7      XL:     11   Next: 50%
Magic:  18/22      EV: 12    Int: 20      God:    Vehumet [***...]
Gold:   458        SH:  0    Dex: 13 (14) Spells: 4 memorised, 12 levels left

rFire  + . .     SeeInvis .     V - +12 Glaive of Prune {chop}
rCold  x . .     Clarity  .     (shield currently unavailable)
rNeg   . . .     SustAt   .     (helmet restricted)
rPois  .         Gourm    .     M - amulet of rage
rElec  .         Spirit   .     (no ring)
rCorr  .         Warding  .     k - ring of fire
rMut   .         Stasis   .     (no ring)
MR     .....                    (no ring)
Stlth  +++.......               (no ring)
                                (no ring)
                                (no ring)
                                (no ring)

@: not resistant to hostile enchantments, fairly stealthy
A: almost no armour, amphibious, 8 rings, constrict 8, camouflage 1, gelatinous
body 1
a: Renounce Religion, Evoke Berserk Rage


You were on level 11 of the Dungeon.
You worshipped Vehumet.
Vehumet was most pleased with you.
You were not hungry.

You visited 2 branches of the dungeon, and saw 12 of its levels.

You collected 458 gold pieces.

Inventory:

Hand Weapons
 G - a +2 trident of freezing
 V - the +12 Glaive of Prune (weapon) {chop}
   (You found it on level 9 of the Dungeon)

   It inflicts extra damage upon your enemies.
Jewellery
 f - a -3 ring of strength
 k - a ring of fire (right tentacle)
 m - an uncursed ring of teleportation
 n - an uncursed amulet of inaccuracy
 M - an amulet of rage (around mantle)
 U - a +2 ring of strength
Wands
 i - a wand of draining (6)
 C - a wand of flame (24)
 F - a wand of draining (5)
 H - a wand of magic darts (12)
 I - a wand of lightning (2)
 L - a wand of random effects (15)
 N - a wand of confusion (30)
 O - a wand of fire (8)
 R - a wand of slowing (18)
 T - a wand of magic darts (34)
 W - a wand of draining (5)
Scrolls
 e - 13 scrolls of identify
 u - a scroll of enchant armour
 v - a scroll of fear
 x - 3 scrolls of magic mapping
 y - 3 scrolls of teleportation
 z - 3 scrolls of amnesia
 A - a scroll of fog
 B - 3 scrolls of blinking
 K - a scroll of enchant weapon
Potions
 c - a potion of cancellation {unknown}
 d - a potion of agility {unknown}
 g - 3 potions of lignification
 h - a potion of degeneration {unknown}
 j - 3 potions of heal wounds
 l - 2 potions of magic {unknown}
 o - 3 potions of invisibility {unknown}
 p - a potion of brilliance {unknown}
 r - 7 potions of curing {unknown}
 s - 2 potions of berserk rage {unknown}
 P - a potion of flight {unknown}
 X - a potion of mutation {unknown}
 Y - a potion of poison {unknown}
Books
 a - a book of Flames

   Spells                             Type                      Level
   a - Flame Tongue                   Conjuration/Fire             1
   b - Throw Flame                    Conjuration/Fire             2
   c - Conjure Flame                  Conjuration/Fire             3
   d - Inner Flame                    Hexes/Fire                   3
   e - Sticky Flame                   Conjuration/Fire             4
   f - Fireball                       Conjuration/Fire             5
 w - a book of Envenomations

   Spells                             Type                      Level
   a - Spider Form                    Transmutation/Poison         3
   b - Alistair's Intoxication        Transmutation/Poison         4
   c - Olgreb's Toxic Radiance        Poison                       4
   d - Poisonous Cloud                Conjuration/Poison/Air       6
 D - a book of Necromancy

   Spells                             Type                      Level
   a - Pain                           Necromancy                   1
   b - Animate Skeleton               Necromancy                   1
   c - Vampiric Draining              Necromancy                   3
   d - Regeneration                   Charms/Necromancy            3
   e - Animate Dead                   Necromancy                   4
   f - Control Undead                 Necromancy                   4
 E - a book of Beasts

   Spells                             Type                      Level
   a - Summon Butterflies             Summoning                    1
   b - Call Canine Familiar           Summoning                    3
   c - Summon Ice Beast               Ice/Summoning                4
   d - Summon Mana Viper              Hexes/Summoning              5
   e - Summon Hydra                   Summoning                    7
Comestibles
 b - 9 bread rations
 q - 21 fruits
 t - 7 meat rations
 J - 7 slices of pizza
 Q - 4 chunks of flesh


   Skills:
 - Level 2.0 Dodging
 - Level 2.6 Stealth
 + Level 7.6 Spellcasting
 + Level 11.2 Conjurations
 + Level 11.4 Fire Magic


You had 12 spell levels left.
You knew the following spells:

 Your Spells              Type           Power        Failure   Level  Hunger
a - Flame Tongue          Conj/Fire      #####        1%          1    None
b - Sticky Flame          Conj/Fire      ######..     1%          4    ###....
c - Conjure Flame         Conj/Fire      ######..     1%          3    None
d - Fireball              Conj/Fire      ######....   1%          5    #####..


Dungeon Overview and Level Annotations

Branches:
Dungeon (11/15)            Temple (1/1) D:4            Lair (0/8) D:10
    Orc: D:9-12

Altars:
Ashenzari
Cheibriados
Dithmenos
Elyvilon
Fedhas
Kikubaaqudgha
Nemelex Xobeh
Okawaru
Ru
Vehumet
Xom
Yredelemnul
Zin
The Shining One

Shops:
D:5 (((   D:8 %   D:10 }


Innate Abilities, Weirdness & Mutations

You cannot wear most types of armour.
You are amphibious.
You can wear up to eight rings at the same time.
You can use your tentacles to constrict eight enemies at once.
Your skin changes colour to match your surroundings (Stealth).
Your rubbery body absorbs attacks (AC +1).


Message History

You feel much better. The centaur closely misses you. The centaur hits you!
* * * LOW HITPOINT WARNING * * *
Casting: Flame Tongue
Confirm with . or Enter, or press ? or * to list all spells.
Aiming: Sticky Flame
Press: ? - help, Shift-Dir - straight line, f/p - centaur
Aim: a centaur You feel a surge of power!
The sticky flame hits the centaur.
The centaur is lightly wounded.
The centaur is covered in liquid flames!
The centaur burns!
The centaur closely misses you.
You hit the centaur.
The centaur is heavily wounded.
The centaur burns! x2
The centaur hits you.
* * * LOW HITPOINT WARNING * * *
The centaur hits you!
* * * LOW HITPOINT WARNING * * *
The centaur hits you!
You die...

#############
.../..c@(..<#
............#
###########.#
#.# ..# ..#
..# #..#


You could see a centaur (burning).

Vanquished Creatures
  A hydra (D:9)
  Erica (D:8)
  Nergalle (D:10)
  A hill giant (D:10)
  Pikel (D:8)
  An elephant (D:10)
  A two-headed ogre (D:8)
  5 trolls
  A wraith (D:10)
  A hungry ghost (D:9)
  2 yaks (D:9)
  A steam dragon (D:10)
  A hippogriff (D:7)
  Duvessa (D:6)
  4 ice beasts
  3 slaves (D:8)
  A black bear (D:9)
  A phantom (D:4)
  A sky beast (D:10)
  3 centaurs
  A necrophage (D:7)
  4 ogres
  4 crocodiles
  4 giant frogs
  3 big kobolds (D:9)
  Dowan (D:6)
  A water moccasin zombie (D:10)
  3 scorpions
  5 wights (D:6)
  2 crimson imps
  5 jellies
  3 giant frog zombies
  A quasit (D:10)
  4 centaur skeletons
  A giant frog skeleton (D:7)
  8 orc wizards
  Jessica (D:3)
  2 iguanas
  6 hounds
  3 orc priests
  5 worker ants
  2 sheep (D:9)
  A hound skeleton (D:6)
  4 gnolls
  8 adders
  2 shadow imps
  An adder zombie (D:5)
  3 worms (D:2)
  3 adder skeletons
  7 giant geckos
  40 orcs
  10 goblins
  11 hobgoblins
  11 jackals
  25 kobolds
  12 quokkas
  A ball python (D:2)
  9 bats
  5 giant cockroaches
  A giant gecko skeleton (D:4)
  A giant gecko zombie (D:6)
  3 giant newts
  11 rats
270 creatures vanquished.

Notes
Turn   | Place    | Note
--------------------------------------------------------------
     0 | D:1      | dorian the Octopode Fire Elementalist began the quest for the Orb.
     0 | D:1      | Reached XP level 1. HP: 11/11 MP: 3/3
   244 | D:1      | Reached XP level 2. HP: 17/17 MP: 3/5
   753 | D:1      | Reached XP level 3. HP: 21/21 MP: 3/6
  1762 | D:2      | Reached skill level 4 in Fire Magic
  1762 | D:2      | Reached XP level 4. HP: 27/27 MP: 1/7
  2641 | D:2      | Learned a level 4 spell: Sticky Flame
  3333 | D:3      | Reached XP level 5. HP: 29/31 MP: 0/8
  4041 | D:3      | Noticed Jessica
  4043 | D:3      | Killed Jessica
  4078 | D:3      | Reached skill level 5 in Fire Magic
  4089 | D:3      | Reached XP level 6. HP: 20/36 MP: 0/9
  4659 | D:4      | Reached XP level 7. HP: 38/41 MP: 2/10
  4883 | D:4      | Reached skill level 5 in Conjurations
  4918 | D:4      | Reached skill level 6 in Fire Magic
  4974 | D:4      | Found a staircase to the Ecumenical Temple.
  4990 | Temple   | Entered the Ecumenical Temple
  4995 | Temple   | Became a worshipper of Vehumet
  5336 | D:4      | Found a glowing silver altar of Zin.
  5340 | D:4      | Found a glowing golden altar of the Shining One.
  5375 | D:4      | Found a sacrificial altar of Ru.
  5377 | D:4      | Found a white marble altar of Elyvilon.
  5380 | D:4      | Found a shadowy altar of Dithmenos.
  5539 | D:5      | Entered Level 5 of the Dungeon
  5540 | D:5      | Found Hevymix's Weapon Shoppe.
  5570 | D:5      | Learned a level 3 spell: Conjure Flame
  6057 | D:5      | HP: 2/41 [acid (9)]
  6379 | D:5      | Found Ceorafurr's Antique Weapon Emporium.
  6410 | D:5      | Reached XP level 8. HP: 21/46 MP: 4/11
  6841 | D:5      | Reached * piety under Vehumet
  6841 | D:5      | Offered knowledge of Sting by Vehumet.
  6951 | D:5      | Reached skill level 7 in Fire Magic
  7492 | D:5      | Found Woderch's Weapon Emporium.
  7906 | D:6      | Noticed Dowan
  7960 | D:6      | Reached skill level 8 in Fire Magic
  8000 | D:6      | Offered knowledge of Throw Frost by Vehumet.
  8117 | D:6      | Reached ** piety under Vehumet
  8117 | D:6      | Reached XP level 9. HP: 44/51 MP: 7/12
  8290 | D:6      | Found a blossoming altar of Fedhas.
  8418 | D:6      | Noticed Duvessa
  8425 | D:6      | Killed Duvessa
  8654 | D:6      | Killed Dowan
  8857 | D:7      | Reached skill level 9 in Fire Magic
 10213 | D:8      | Offered knowledge of Searing Ray by Vehumet.
 10389 | D:8      | Found Mevotsed's Food Boutique.
 10801 | D:8      | Noticed Pikel
 10810 | D:8      | Killed Pikel
 10810 | D:8      | Reached XP level 10. HP: 56/56 MP: 11/17
 10955 | D:8      | Noticed Erica
 11082 | D:8      | Reached *** piety under Vehumet
 11265 | D:8      | Reached skill level 5 in Spellcasting
 11334 | D:8      | Killed Erica
 11334 | D:8      | Reached skill level 10 in Fire Magic
 11833 | D:9      | Reached skill level 10 in Conjurations
 11957 | D:9      | Noticed a two-headed hydra
 11965 | D:9      | Killed a two-headed hydra
 12159 | D:9      | Learned a level 5 spell: Fireball
 12923 | D:10     | Entered Level 10 of the Dungeon
 12923 | D:10     | Noticed a hill giant
 13011 | D:10     | Noticed Nergalle
 13018 | D:10     | Killed Nergalle
 13018 | D:10     | Reached XP level 11. HP: 61/61 MP: 4/21
 13146 | D:10     | Noticed an elephant
 13147 | D:10     | Found a staircase to the Lair.
 13180 | D:10     | Offered knowledge of Static Discharge by Vehumet.
 13278 | D:10     | Reached skill level 11 in Fire Magic
 13756 | D:10     | Killed an elephant
 13910 | D:10     | Found Xumyrphot's Gadget Boutique.
 13919 | D:10     | HP: 3/61 [worker ant (7)]
 14429 | D:10     | Killed a hill giant
 14848 | D:11     | HP: 3/61 [centaur (8)]
 14848 | D:11     | Slain by a centaur

Action                   |  1- 3 |  4- 6 |  7- 9 | 10-12 || total
-------------------------+-------+-------+-------+-------++-------
Melee: Unarmed           |     8 |     1 |    23 |       ||    32
       Spear             |     8 |    33 |       |       ||    41
       Trident           |       |     4 |       |       ||     4
       Halberd           |       |       |     8 |       ||     8
       Whip              |       |       |       |     4 ||     4
       Glaive            |       |       |       |    16 ||    16
 Cast: Flame Tongue      |    69 |   123 |   292 |   156 ||   640
       Sticky Flame      |       |     1 |    17 |    33 ||    51
       Fireball          |       |       |       |     2 ||     2
Evoke: Wand              |       |       |       |     4 ||     4
  Use: Scroll            |     5 |     5 |       |     5 ||    15
       Potion            |       |       |       |     4 ||     4
 Stab: Sleeping          |     4 |       |     1 |       ||     5
  Eat: Chunk             |     2 |    11 |    18 |    15 ||    46
       Beef jerky        |     1 |       |       |     2 ||     3
       Fruit             |       |       |     7 |     1 ||     8
